 Dungeon Crawl Stone Soup version 0.28.0-62-gf88900778d (webtiles) character file.

Game seed: 15613898176671139882

223 Froggeryz the Cutter (level 6, 0/52 (66) HPs)
             Began as an Octopode Berserker on Jan 30, 2024.
             Was a Follower of Trog.
             Slain by a river rat (8 damage)
             ... on level 3 of the Dungeon.
             The game lasted 00:02:01 (3028 turns).

Froggeryz the Cutter (Octopode Berserker)           Turns: 3028, Time: 00:02:01

HP:   0/52 (66)     AC:  1    Str: 19    XL:     6   Next: 0%
MP:   6/6           EV: 13    Int:  9    God:    Trog [*.....]
Gold: 105           SH:  0    Dex: 11    Spells: 5/5 levels left

rFire   . . .      SeeInvis .   a - +0 short sword
rCold   . . .      Faith    .   (no shield)
rNeg    . . .      Spirit   .   (helmet restricted)
rPois   .          Reflect  .   (no amulet)
rElec   .          Harm     .   (no ring)
rCorr   .          Rampage  .   (no ring)
Will    ++...                   (no ring)
Stlth   ..........              (no ring)
HPRegen 1.17/turn               (no ring)
MPRegen 0.10/turn               (no ring)
                                (no ring)
                                (no ring)

@: berserking, strong-willed, regenerating, heavily drained, very quick
A: almost no armour, amphibious, 8 rings, camouflage 1, gelatinous body 1,
(nimble swimmer 1), tentacles
a: Renounce Religion, Berserk


You were on level 3 of the Dungeon.
You worshipped Trog.
Trog was aware of your devotion.
You visited 1 branch of the dungeon, and saw 3 of its levels.

You collected 105 gold pieces.

Inventory:

Hand Weapons
 a - a +0 short sword (weapon)
Wands
 h - a wand of flame (9)
Scrolls
 c - a scroll of vulnerability {unknown}
 f - a scroll of amnesia {unknown}
 g - 2 scrolls of identify {unknown}
Potions
 d - a potion of invisibility {unknown}
 e - a potion of cancellation {unknown}


   Skills:
 + Level 4.3 Fighting
 * Level 5.4 Short Blades
 - Level 3.0 Dodging
 + Level 1.1 Stealth


You had 5 spell levels left.
You didn't know any spells.
Your spell library was empty.

Dungeon Overview and Level Annotations

Branches:
Dungeon (3/15)

Altars:
Uskayaw

Shops:
D:2 (


Innate Abilities, Weirdness & Mutations

You cannot wear most types of armour.
You are amphibious.
You can wear up to eight rings at the same time.
Your skin changes colour to match your surroundings (Stealth+).
Your rubbery body absorbs attacks. (AC +1, EV +1)
((You are camouflaged when in or above water. (Stealth+)))
You have tentacles for arms and can constrict up to eight enemies at once.


Message History

The quokka is almost dead.
The quokka splashes around in the water.
You hit the quokka but do no damage. You grab the quokka.
Your squeeze misses the quokka.
The quokka is almost dead.
You constrict the quokka, but do no damage.
The quokka bites you.
You hit the quokka.
You kill the quokka!
Trog accepts your kill.
You have reached level 6!
You hit the river rat but do no damage. Your grab misses the river rat.
The river rat is lightly wounded.
The river rat barely misses you.
The orc wizard shouts!
You hit the river rat. Your grab misses the river rat.
The river rat is moderately wounded.
The river rat bites you.
The orc wizard gestures at you while chanting.
You resist with some effort.
Your skin crawls.
You feel strong-willed.
The river rat twitches its whiskers.
The river rat bites you.
You barely miss the river rat. Your grab misses the river rat.
The river rat is moderately wounded.
The river rat completely misses you.
The orc wizard points at you and mumbles some strange words.
The puff of flame hits you!
* * * LOW HITPOINT WARNING * * *
You closely miss the river rat. Your grab misses the river rat.
The river rat is moderately wounded.
The river rat bites you.
* * * LOW HITPOINT WARNING * * *
A red film seems to cover your vision as you go berserk!
You feel yourself moving faster!
You feel mighty!
You can no longer call upon Trog for regeneration and willpower.
You hear the drain falling apart.
The river rat bites you!
You die...

.#.#.....#.###.# #o##.#
#.#...o..#.o.o.##++##....#
.#.......o.##...#≈≈#.o.###
#........#####.##≈≈##..#
#......### #.#≈≈≈≈#..#
#.....#.# #.#≈≈≈≈#.##
##.....## #.##r≈##.#
#.....#.# #..#r≈#..#
#.....### ##.@##+..#
.#..... ##.o..#<# ........
######.# #.# #.# #.# #.#
#.# ..#


You could see an orc wizard and 2 river rats.

Vanquished Creatures
  Sigmund (D:2)
  Jessica (D:2)
  2 dart slugs (D:2)
  3 orcs
  2 endoplasms
  2 giant cockroaches
  3 goblins (D:2)
  3 hobgoblins (D:1)
  2 kobolds
  A quokka (D:3)
  5 ball pythons
  A bat (D:2)
  2 frilled lizards (D:1)
  2 rats
30 creatures vanquished.

Notes
Turn   | Place    | Note
-------+----------+-------------------------------------------
     0 | D:1      | Froggeryz the Octopode Berserker began the quest for the
                  | Orb.
     0 | D:1      | Reached XP level 1. HP: 16/16 MP: 1/1
   551 | D:1      | Reached XP level 2. HP: 19/21 MP: 2/2
  1169 | D:2      | Noticed Sigmund
  1840 | D:2      | Killed Sigmund
  1841 | D:2      | Reached skill level 5 in Short Blades
  1841 | D:2      | Reached XP level 3. HP: 24/27 MP: 3/3
  1841 | D:2      | Reached XP level 4. HP: 29/33 MP: 4/4
  1841 | D:2      | Reached XP level 5. HP: 33/37 MP: 5/5
  2056 | D:2      | Found Sekhuot Ero's Weapon Emporium.
  2126 | D:2      | Found a hide-covered altar of Uskayaw.
  2185 | D:2      | Found a faded altar of an unknown god.
  2220 | D:2      | Noticed Jessica
  2232 | D:2      | Killed Jessica
  2380 | D:2      | Reached skill level 1 in Stealth
  2479 | D:3      | Reached ** piety under Trog
  3023 | D:3      | Reached XP level 6. HP: 26/35 MP: 6/6
  3028 | D:3      | Slain by a river rat

Illustrated notes

Levels and vault maps discovered:
D:1:      roderic_crop_circles_arrival_small, layout_basic
D:2:      layout_rooms, ebering_ecumenical_altar_webs, basic_altar,
          serial_shops, shop, minmay_misc_feat_plants, uniq_jessica,
          uniq_sigmund
D:3:      wad_pebble_path, layout_loops_ring, nicolae_dithmenos_shadow_blocks,
          gup_sewer_entry_bowl, lightli_corner_chamber

Skill      XL: |  1  2  3  4  5 |
---------------+----------------+-----
Fighting       | 4 |  4.3
Short Blades   | 5 |  5.4
Stealth        | 1 |  1.1
Dodging        | |  3.0

Action                   |  1- 3 |  4- 6 || total
-------------------------+-------+-------++-------
Melee: Short sword       |    34 |    35 ||    69
       Constrict         |    10 |     5 ||    15
       Tentacles         |     2 |     5 ||     7
       Punch             |       |     1 ||     1
Invok: Berserk           |     1 |     2 ||     3
       Trog's Hand       |       |     1 ||     1
  Use: Potion            |       |     1 ||     1
 Stab: Sleeping          |     1 |     4 ||     5
Armor: Skin              |     2 |     2 ||     4
Dodge: Dodged            |    24 |    22 ||    46
